| TOP OF THE 1ST |
|
Great Falls Voyagers batting - Pitching for Elizabethton Twins : RHP Jason Waite
|
|
Pitching: RHP Jason Waite
|
|
|
Batting: RHB Andy Cotton
|
0-0: Foul Ball, location: 2F 0-1: SOLO HOME RUN (Flyball, 7D, EV 95.0 MPH), Distance : 361 ft
|
|
Batting: RHB Enrique Gomez
|
0-0: Fly out, F8 (Flyball, 8LM, EV 83.8 MPH)
|
|
Batting: RHB Russ Cornett
|
0-0: Ball 1-0: Called Strike 1-1: Swinging Strike 1-2: Strikes out looking
|
|
Batting: RHB Billy Grubbs
|
0-0: SOLO HOME RUN (Line Drive, 78XD, EV 100.6 MPH), Distance : 396 ft
|
|
Batting: RHB Mitch Cuadros
|
0-0: Called Strike 0-1: Foul Ball, location: 2F 0-2: Ball 1-2: Foul Ball, location: 2F 1-2: Ball 2-2: Ball 3-2: Base on Balls
|
|
Batting: RHB Jake Feinstein
|
0-0: Ball 1-0: Swinging Strike 1-1: Swinging Strike 1-2: Foul Ball, location: 2F 1-2: Ball 2-2: Foul Ball, location: 2F 2-2: Strikes out swinging
|
| Top of the 1st over - 2 runs, 2 hits, 0 errors, 1 left on base; Great Falls 2 - Elizabethton 0 |
| BOTTOM OF THE 1ST |
|
Elizabethton Twins batting - Pitching for Great Falls Voyagers : LHP Chuck Dobbins
|
|
Pitching: LHP Chuck Dobbins
|
|
|
Batting: RHB David McDonald
|
0-0: Called Strike 0-1: Foul Ball, location: 2F 0-2: Ball 1-2: Ball 2-2: Foul Ball, location: 2F 2-2: Foul Ball, location: 2F 2-2: Ball 3-2: Foul Ball, location: 2F 3-2: Foul Ball, location: 2F 3-2: Base on Balls
|
|
Batting: RHB Nestor Moreno
|
0-0: Fly out, F9 (Flyball, 9LD, EV 88.1 MPH)
|
|
Batting: RHB Ryan Starks
|
0-0: Foul Ball, location: 2F 0-1: Ball 1-1: DOUBLE (Flyball, 89D, EV 111.2 MPH) David McDonald to third
|
|
Batting: LHB Ryuuichi Shintani
|
0-0: Swinging Strike 0-1: Ground out 6-3 (Groundball, 56, EV 101.2 MPH) David McDonald scores
|
|
Batting: RHB Hisao Takei
|
0-0: Foul Ball, location: 2F 0-1: DOUBLE (Line Drive, 9LS, EV 110.0 MPH) Ryan Starks scores
|
|
Batting: RHB Ned Scovell
|
0-0: Ball 1-0: Swinging Strike 1-1: Ball 2-1: Called Strike 2-2: Fly out, F7 (Flyball, 78S, EV 93.1 MPH)
|
| Bottom of the 1st over - 2 runs, 2 hits, 0 errors, 1 left on base; Great Falls 2 - Elizabethton 2 |
| TOP OF THE 2ND |
|
Great Falls Voyagers batting - Pitching for Elizabethton Twins : RHP Jason Waite
|
|
Batting: RHB Francisco Marin
|
0-0: Ball 1-0: Called Strike 1-1: Foul Ball, location: 2F 1-2: Strikes out swinging
|
|
Batting: RHB David Cortez
|
0-0: Ball 1-0: Swinging Strike 1-1: Fly out, F8 (Flyball, 8LS, EV 89.4 MPH)
|
|
Batting: RHB Dave Dominguez
|
0-0: Ball 1-0: Ball 2-0: Foul Ball, location: 2F 2-1: Ball 3-1: Foul Ball, location: 2F 3-2: Foul Ball, location: 2F 3-2: Fly out, F7 (Flyball, 7LD, EV 88.1 MPH)
|
| Top of the 2nd over - 0 runs, 0 hits, 0 errors, 0 left on base; Great Falls 2 - Elizabethton 2 |
| BOTTOM OF THE 2ND |
|
Elizabethton Twins batting - Pitching for Great Falls Voyagers : LHP Chuck Dobbins
|
|
Batting: RHB Calvin Day
|
0-0: DOUBLE (Line Drive, 78D, EV 105.0 MPH)
|
|
Batting: RHB Braydon Garland
|
0-0: Ball 1-0: Called Strike 1-1: Ball 2-1: Ball 3-1: Fly out, F8 (Flyball, 8RS, EV 86.2 MPH)
|
|
Batting: LHB Joey Zamora
|
0-0: Ball 1-0: Ball 2-0: Swinging Strike 2-1: Ball 3-1: Foul Ball, location: 2F 3-2: Foul Ball, location: 2F 3-2: Foul Ball, location: 2F 3-2: Fly out, F9 (Flyball, 89D, EV 89.4 MPH)
|
|
Batting: RHB David McDonald
|
0-0: Ball 1-0: Swinging Strike 1-1: Ball 2-1: Ground out 3-1 (Groundball, 34, EV 107.5 MPH)
|
| Bottom of the 2nd over - 0 runs, 1 hit, 0 errors, 1 left on base; Great Falls 2 - Elizabethton 2 |
| TOP OF THE 3RD |
|
Great Falls Voyagers batting - Pitching for Elizabethton Twins : RHP Jason Waite
|
|
Batting: RHB Andy Cotton
|
0-0: Ball 1-0: Ball 2-0: Ball 3-0: Base on Balls
|
|
Batting: RHB Enrique Gomez
|
0-0: Foul Ball, location: 2F 0-1: Ball 1-1: Swinging Strike 1-2: Strikes out swinging
|
|
Batting: RHB Russ Cornett
|
0-0: Ball 1-0: Called Strike 1-1: Ball Andy Cotton is caught stealing 2nd base 2-4 2-1: Ball 3-1: Swinging Strike 3-2: Strikes out looking
|
| Top of the 3rd over - 0 runs, 0 hits, 0 errors, 0 left on base; Great Falls 2 - Elizabethton 2 |
| BOTTOM OF THE 3RD |
|
Elizabethton Twins batting - Pitching for Great Falls Voyagers : LHP Chuck Dobbins
|
|
Batting: RHB Nestor Moreno
|
0-0: Called Strike 0-1: Fly out, F7 (Line Drive, 7LM, EV 97.5 MPH)
|
|
Batting: RHB Ryan Starks
|
0-0: Ball 1-0: Ball 2-0: Called Strike 2-1: Foul Ball, location: 2F 2-2: Fly out, F9 (Flyball, 89M, EV 91.9 MPH)
|
|
Batting: LHB Ryuuichi Shintani
|
0-0: Foul Ball, location: 2F 0-1: Ball 1-1: Foul Ball, location: 2F 1-2: Foul Ball, location: 2F 1-2: SOLO HOME RUN (Flyball, 9D, EV 96.9 MPH), Distance : 376 ft
|
|
Batting: RHB Hisao Takei
|
0-0: Ball 1-0: Ball 2-0: Ball 3-0: Base on Balls
|
|
Batting: RHB Ned Scovell
|
0-0: Ball 1-0: Foul Ball, location: 2F 1-1: Ball 2-1: Foul Ball, location: 2F 2-2: DOUBLE (Flyball, 8LXD, EV 107.5 MPH) Hisao Takei to third
|
|
Batting: RHB Calvin Day
|
0-0: Called Strike 0-1: Ground out 6-3 (Groundball, 56, EV 86.2 MPH)
|
| Bottom of the 3rd over - 1 run, 2 hits, 0 errors, 2 left on base; Great Falls 2 - Elizabethton 3 |
| TOP OF THE 4TH |
|
Great Falls Voyagers batting - Pitching for Elizabethton Twins : RHP Jason Waite
|
|
Batting: RHB Billy Grubbs
|
0-0: Ball 1-0: Foul Ball, location: 2F 1-1: Foul Ball, location: 2F 1-2: Strikes out swinging
|
|
Batting: RHB Mitch Cuadros
|
0-0: Fly out, F7 (Flyball, 7LD, EV 90.6 MPH)
|
|
Batting: RHB Jake Feinstein
|
0-0: Ball 1-0: Swinging Strike 1-1: Ball 2-1: Swinging Strike 2-2: Ball 3-2: Foul Ball, location: 2F 3-2: Foul Ball, location: 2F 3-2: Strikes out swinging
|
| Top of the 4th over - 0 runs, 0 hits, 0 errors, 0 left on base; Great Falls 2 - Elizabethton 3 |
| BOTTOM OF THE 4TH |
|
Elizabethton Twins batting - Pitching for Great Falls Voyagers : LHP Chuck Dobbins
|
|
Batting: RHB Braydon Garland
|
0-0: Ball 1-0: Called Strike 1-1: Ball 2-1: Foul Ball, location: 2F 2-2: Ground out 6-3 (Groundball, 6, EV 84.4 MPH)
|
|
Batting: LHB Joey Zamora
|
0-0: Ball 1-0: Swinging Strike 1-1: Ball 2-1: Foul Ball, location: 2F 2-2: Ball 3-2: Strikes out swinging
|
|
Batting: RHB David McDonald
|
0-0: Called Strike 0-1: Swinging Strike 0-2: Ball 1-2: Foul Ball, location: 2F 1-2: Strikes out swinging
|
| Bottom of the 4th over - 0 runs, 0 hits, 0 errors, 0 left on base; Great Falls 2 - Elizabethton 3 |
| TOP OF THE 5TH |
|
Great Falls Voyagers batting - Pitching for Elizabethton Twins : RHP Jason Waite
|
|
Batting: RHB Francisco Marin
|
0-0: Foul Ball, location: 2F 0-1: Ball 1-1: Called Strike 1-2: Ball 2-2: SOLO HOME RUN (Flyball, 7LD, EV 94.4 MPH), Distance : 334 ft
|
|
Batting: RHB David Cortez
|
0-0: SOLO HOME RUN (Flyball, 78XD, EV 100.0 MPH), Distance : 410 ft
|
|
Batting: RHB Dave Dominguez
|
0-0: Ball 1-0: Ground out 6-3 (Groundball, 6, EV 78.8 MPH)
|
|
Batting: RHB Andy Cotton
|
0-0: Foul Ball, location: 2F 0-1: Swinging Strike 0-2: Ball 1-2: Strikes out swinging
|
|
Batting: RHB Enrique Gomez
|
0-0: Ball 1-0: Ground out 6-3 (Groundball, 6, EV 104.4 MPH)
|
| Top of the 5th over - 2 runs, 2 hits, 0 errors, 0 left on base; Great Falls 4 - Elizabethton 3 |
| BOTTOM OF THE 5TH |
|
Elizabethton Twins batting - Pitching for Great Falls Voyagers : LHP Chuck Dobbins
|
|
Batting: RHB Nestor Moreno
|
0-0: Fly out, F9 (Line Drive, 89M, EV 90.0 MPH)
|
|
Batting: RHB Ryan Starks
|
0-0: Called Strike 0-1: Swinging Strike 0-2: Strikes out swinging
|
|
Batting: LHB Ryuuichi Shintani
|
0-0: Swinging Strike 0-1: SINGLE (Groundball, 56D, EV 105.0 MPH) (infield hit)
|
|
Batting: RHB Hisao Takei
|
0-0: Ball 1-0: 2-RUN HOME RUN (Flyball, 8LXD, EV 112.5 MPH), Distance : 450 ft
|
|
Pitching: RHP Max Carter
|
|
|
Batting: RHB Ned Scovell
|
0-0: Fly out, F9 (Flyball, 9S, EV 80.6 MPH)
|
| Bottom of the 5th over - 2 runs, 2 hits, 0 errors, 0 left on base; Great Falls 4 - Elizabethton 5 |
| TOP OF THE 6TH |
|
Great Falls Voyagers batting - Pitching for Elizabethton Twins : RHP Jason Waite
|
|
Batting: RHB Russ Cornett
|
0-0: TRIPLE (Flyball, 89XD, EV 87.5 MPH)
|
|
Batting: RHB Billy Grubbs
|
0-0: Swinging Strike 0-1: DOUBLE (Groundball, 5L, EV 104.4 MPH) Russ Cornett scores
|
|
Pitching: RHP Takeru Inoue
|
|
|
Batting: RHB Mitch Cuadros
|
0-0: Fly out, F7 (Flyball, 7D, EV 101.9 MPH)
|
|
Batting: RHB Jake Feinstein
|
0-0: Intentional Walk
|
|
Batting: RHB Francisco Marin
|
0-0: Ball 1-0: SINGLE (Line Drive, 56D, EV 103.1 MPH) Billy Grubbs to third Jake Feinstein to second
|
|
Batting: RHB David Cortez
|
0-0: SINGLE (Groundball, 6MD, EV 99.4 MPH) Billy Grubbs scores Jake Feinstein to third Francisco Marin to second
|
|
Batting: RHB Dave Dominguez
|
0-0: Swinging Strike 0-1: Foul Ball, location: 2F 0-2: Strikes out looking
|
|
Batting: RHB Andy Cotton
|
0-0: Called Strike 0-1: Foul Ball, location: 2F 0-2: Ball 1-2: Ball 2-2: Foul Ball, location: 2F 2-2: Foul Ball, location: 2F 2-2: Foul Ball, location: 2F 2-2: Foul Ball, location: 2F 2-2: Ball 3-2: Foul Ball, location: 2F 3-2: GRAND SLAM HOME RUN (Flyball, 9D, EV 94.4 MPH), Distance : 374 ft
|
|
Pitching: RHP Brian Waldrip
|
|
|
Batting: RHB Enrique Gomez
|
0-0: Fly out, F9 (Flyball, 9D, EV 108.1 MPH)
|
| Top of the 6th over - 6 runs, 5 hits, 0 errors, 0 left on base; Great Falls 10 - Elizabethton 5 |
| BOTTOM OF THE 6TH |
|
Elizabethton Twins batting - Pitching for Great Falls Voyagers : RHP Max Carter
|
|
Batting: RHB Calvin Day
|
0-0: Ball 1-0: Swinging Strike 1-1: Called Strike 1-2: Foul Ball, location: 2F 1-2: Strikes out looking
|
|
Batting: RHB Braydon Garland
|
0-0: Ball 1-0: Foul Ball, location: 2F 1-1: Swinging Strike 1-2: DOUBLE (Flyball, 8LXD, EV 93.8 MPH)
|
|
Batting: LHB Joey Zamora
|
0-0: Called Strike 0-1: Foul Ball, location: 2F 0-2: Foul Ball, location: 2F 0-2: Strikes out swinging
|
|
Batting: RHB David McDonald
|
0-0: Hit by Pitch
|
|
Batting: RHB Nestor Moreno
|
0-0: Called Strike 0-1: Ball 1-1: Ball 2-1: Called Strike 2-2: Strikes out swinging
|
| Bottom of the 6th over - 0 runs, 1 hit, 0 errors, 2 left on base; Great Falls 10 - Elizabethton 5 |
| TOP OF THE 7TH |
|
Great Falls Voyagers batting - Pitching for Elizabethton Twins : RHP Brian Waldrip
|
|
Batting: RHB Russ Cornett
|
0-0: Foul Ball, location: 2F 0-1: Foul Ball, location: 2F 0-2: Foul Ball, location: 2F 0-2: Foul Ball, location: 2F 0-2: Ball 1-2: Foul Ball, location: 2F 1-2: Ball 2-2: Fly out, F7 (Flyball, 7LD, EV 95.6 MPH)
|
|
Batting: RHB Billy Grubbs
|
0-0: Called Strike 0-1: Foul Ball, location: 2F 0-2: Ball 1-2: SOLO HOME RUN (Flyball, 9LD, EV 97.5 MPH), Distance : 341 ft
|
|
Batting: RHB Mitch Cuadros
|
0-0: Called Strike 0-1: Ball 1-1: Ball 2-1: Called Strike 2-2: Ground out 6-3 (Groundball, 6, EV 79.4 MPH)
|
|
Batting: RHB Jake Feinstein
|
0-0: SOLO HOME RUN (Flyball, 89XD, EV 99.4 MPH), Distance : 396 ft
|
|
Pinch Hitting: RHB Bill Stern
|
0-0: Swinging Strike 0-1: Ball 1-1: Swinging Strike 1-2: Strikes out looking
|
| Top of the 7th over - 2 runs, 2 hits, 0 errors, 0 left on base; Great Falls 12 - Elizabethton 5 |
| BOTTOM OF THE 7TH |
|
Elizabethton Twins batting - Pitching for Great Falls Voyagers : RHP Max Carter
|
|
Now at 1B: Bill Stern
|
|
|
Batting: RHB Ryan Starks
|
0-0: Ball 1-0: Called Strike 1-1: Ball 2-1: Ball 3-1: SOLO HOME RUN (Flyball, 89XD, EV 103.8 MPH), Distance : 418 ft
|
|
Batting: LHB Ryuuichi Shintani
|
0-0: DOUBLE (Line Drive, 3D, EV 98.1 MPH)
|
|
Batting: RHB Hisao Takei
|
0-0: Hit by Pitch
|
|
Batting: RHB Ned Scovell
|
0-0: Called Strike 0-1: Ball 1-1: Ball 2-1: Foul Ball, location: 2F 2-2: SINGLE (Groundball, 5S, EV 99.4 MPH) Ryuuichi Shintani to third Hisao Takei to second Runner from 3rd tries for Home, SAFE, throw by LF to home
|
|
Batting: RHB Calvin Day
|
0-0: Ball 1-0: Ball 2-0: Ball 3-0: Base on Balls Hisao Takei to third Ned Scovell to second
|
|
Batting: RHB Braydon Garland
|
0-0: Ball 1-0: Ball 2-0: Ball 3-0: Base on Balls Hisao Takei scores Ned Scovell to third Calvin Day to second
|
|
Pitching: RHP Fred George
|
|
|
Batting: LHB Joey Zamora
|
0-0: Ball 1-0: Fly out, F8 (Flyball, 8RD, EV 97.5 MPH) Runner from 3rd tags up, SCORES, throw by CF
|
|
Pinch Hitting: LHB Bill Lorimer
|
0-0: Called Strike 0-1: Foul Ball, location: 2F 0-2: Ball 1-2: Ball 2-2: DOUBLE (Line Drive, 7LS, EV 92.5 MPH) Calvin Day scores Braydon Garland to third Runner from 3rd tries for Home, SAFE, throw by LF to home
|
|
Pinch Hitting: LHB George Roben
|
0-0: Ball Wild Pitch! Bill Lorimer to third 1-0: Ball 2-0: Ball 3-0: Called Strike 3-1: Swinging Strike 3-2: Foul Ball, location: 2F 3-2: Base on Balls
|
|
Batting: RHB Ryan Starks
|
0-0: Ball 1-0: Called Strike George Roben is caught stealing 2nd base 2-4 1-1: Foul Ball, location: 2F 1-2: Ball 2-2: SINGLE (Groundball, 34S, EV 66.2 MPH) (infield hit) Bill Lorimer scores
|
|
Batting: LHB Ryuuichi Shintani
|
0-0: Called Strike 0-1: Foul Ball, location: 2F 0-2: Foul Ball, location: 2F 0-2: Ball 1-2: Ball 2-2: Foul Ball, location: 2F 2-2: SINGLE (Groundball, 13S, EV 65.0 MPH) (infield hit) Ryan Starks to second
|
|
Batting: RHB Hisao Takei
|
0-0: Called Strike 0-1: Swinging Strike 0-2: Strikes out swinging
|
| Bottom of the 7th over - 7 runs, 6 hits, 0 errors, 2 left on base; Great Falls 12 - Elizabethton 12 |
| TOP OF THE 8TH |
|
Great Falls Voyagers batting - Pitching for Elizabethton Twins : RHP Brian Waldrip
|
|
Now at 2B: George Roben
|
|
|
Now in CF: Bill Lorimer
|
|
|
Batting: RHB David Cortez
|
0-0: Ball 1-0: Ground out 4-3 (Groundball, 4, EV 104.4 MPH)
|
|
Batting: RHB Dave Dominguez
|
0-0: Ball 1-0: Called Strike 1-1: Called Strike 1-2: Fly out, F3 (Line Drive, 3, EV 65.0 MPH)
|
|
Batting: RHB Andy Cotton
|
0-0: Called Strike 0-1: Ball 1-1: Ball 2-1: Ball 3-1: Foul Ball, location: 2F 3-2: Foul Ball, location: 2F 3-2: Ground out 5-3 (Groundball, 56, EV 98.1 MPH)
|
| Top of the 8th over - 0 runs, 0 hits, 0 errors, 0 left on base; Great Falls 12 - Elizabethton 12 |
| BOTTOM OF THE 8TH |
|
Elizabethton Twins batting - Pitching for Great Falls Voyagers : RHP Fred George
|
|
Batting: RHB Ned Scovell
|
0-0: Foul Ball, location: 2F 0-1: Foul Ball, location: 2F 0-2: Strikes out swinging
|
|
Batting: RHB Calvin Day
|
0-0: Ball 1-0: Called Strike 1-1: Ball 2-1: Foul Ball, location: 2F 2-2: Fly out, F4 (Popup, 4MD, EV 41.9 MPH)
|
|
Batting: RHB Braydon Garland
|
0-0: Fly out, F8 (Flyball, 8RD, EV 98.1 MPH)
|
| Bottom of the 8th over - 0 runs, 0 hits, 0 errors, 0 left on base; Great Falls 12 - Elizabethton 12 |
| TOP OF THE 9TH |
|
Great Falls Voyagers batting - Pitching for Elizabethton Twins : RHP Brian Waldrip
|
|
Batting: RHB Enrique Gomez
|
0-0: Ball 1-0: Foul Ball, location: 2F 1-1: Foul Ball, location: 2F 1-2: Strikes out looking
|
|
Batting: RHB Russ Cornett
|
0-0: Ball 1-0: Ball 2-0: Called Strike 2-1: Foul Ball, location: 2F 2-2: Ball 3-2: Strikes out looking
|
|
Batting: RHB Billy Grubbs
|
0-0: Ball 1-0: Foul Ball, location: 2F 1-1: Called Strike 1-2: Ball 2-2: Foul Ball, location: 2F 2-2: SINGLE (Line Drive, 6MD, EV 97.5 MPH)
|
|
Pitching: RHP Jason McCaw
|
|
|
Batting: RHB Mitch Cuadros
|
0-0: Ball Wild Pitch! Billy Grubbs to second 1-0: Swinging Strike 1-1: Ball 2-1: Ball 3-1: Base on Balls
|
|
Batting: RHB Jake Feinstein
|
0-0: Ball 1-0: Foul Ball, location: 2F 1-1: Foul Ball, location: 2F 1-2: Ball 2-2: Foul Ball, location: 2F 2-2: 3-RUN HOME RUN (Flyball, 89XD, EV 97.5 MPH), Distance : 388 ft
|
|
Batting: RHB Bill Stern
|
0-0: Ball 1-0: Ball 2-0: Foul Ball, location: 2F 2-1: Ball 3-1: Foul Ball, location: 2F 3-2: Strikes out swinging
|
| Top of the 9th over - 3 runs, 2 hits, 0 errors, 0 left on base; Great Falls 15 - Elizabethton 12 |
| BOTTOM OF THE 9TH |
|
Elizabethton Twins batting - Pitching for Great Falls Voyagers : RHP Fred George
|
|
Pitching: LHP Dave Fairn
|
|
|
Batting: LHB Joey Zamora
|
0-0: Called Strike 0-1: Foul Ball, location: 2F 0-2: Ball 1-2: Reached on error, E6 (Groundball, 6M, EV 101.9 MPH)
|
|
Batting: LHB Bill Lorimer
|
0-0: Fly out, F7 (Flyball, 7LM, EV 94.4 MPH)
|
|
Batting: LHB George Roben
|
0-0: Swinging Strike 0-1: Ball 1-1: Ball 2-1: Foul Ball, location: 2F 2-2: Fly out, F7 (Flyball, 78D, EV 98.8 MPH)
|
|
Batting: RHB Ryan Starks
|
0-0: Ball 1-0: Ground out 6-3 (Groundball, 6, EV 78.8 MPH)
|
| Bottom of the 9th over - 0 runs, 0 hits, 1 error, 1 left on base; Great Falls 15 - Elizabethton 12 |
|